 Dungeon Crawl Stone Soup version 0.26-a0-1033-gd598b01645 (webtiles) character file.

Game seed: 443762922611929549

263 ANON1729 the Insei (level 6, -13/46 HPs)
             Began as a Merfolk Transmuter on Dec 10, 2020.
             Killed by divine providence
             ... invoked by an orc priest
              (16 damage)
             ... on level 3 of the Dungeon.
             The game lasted 00:04:54 (4674 turns).

ANON1729 the Insei (Merfolk Transmuter)             Turns: 4674, Time: 00:04:55

Health: -13/46     AC:  2    Str: 11    XL:     6   Next: 19%
Magic:  10/10      EV: 14    Int: 13    God:
Gold:   98         SH:  0    Dex: 15    Spells: 8/11 levels left

rFire    . . .     SeeInvis .     - Unarmed
rCold    . . .     Faith    .   (no shield)
rNeg     . . .     Spirit   .   a - +0 robe
rPois    .         Reflect  .   (helmet currently unavailable)
rElec    .         Harm     .   (no cloak)
rCorr    .         Rampage  .   (no gloves)
Will     .....                  (boots currently unavailable)
Stlth    +.........             (no amulet)
HPRegen  0.15/turn              (no ring)
MPRegen  0.12/turn              (no ring)

@: appendages
A: change form in water, swift swim, stealthy swim, horns 2
a: End Transformation


You were on level 3 of the Dungeon.
You had grown temporary horns.
You visited 1 branch of the dungeon, and saw 3 of its levels.

You collected 98 gold pieces.

Inventory:

Missiles
 i - 21 poisoned darts
Armour
 a - a +0 robe (worn)
 h - a +0 pair of boots (melded)
Wands
 o - a wand of digging (4)
Scrolls
 b - a scroll of immolation {unknown}
 c - a scroll of fear {unknown}
 d - 4 scrolls of teleportation {unknown}
 f - 4 scrolls of remove curse {unknown}
 g - 3 scrolls of identify {unknown}
 p - 2 scrolls of enchant weapon {unknown}
Potions
 e - a potion of heal wounds {unknown}
 j - 2 potions of curing {unknown}
 k - 2 potions of brilliance {unknown}
 l - a potion of invisibility
 m - 2 potions of magic {unknown}
 n - a potion of might {unknown}


   Skills:
 + Level 2.9 Fighting
 + Level 4.3 Dodging
 * Level 4.4 Unarmed Combat
 + Level 3.1 Spellcasting
 * Level 4.4 Transmutations


You had 8 spell levels left.
You knew the following spells:

 Your Spells              Type           Power        Failure   Level
a - Beastly Appendage     Tmut           ##....       3%          1
b - Wereblood             Tmut           ##......     5%          2

Your spell library contained the following spells:

 Spells                   Type           Power        Failure   Level
 Spider Form              Tmut/Pois      #.........   26%         3
 Ice Form                 Ice/Tmut       #.......     65%         4
 Blade Hands              Tmut           ##........   69%         5


Dungeon Overview and Level Annotations

Branches:
Dungeon (3/15)

Altars:
Okawaru


Innate Abilities, Weirdness & Mutations

You revert to your normal form in water.
You are very nimble and swift while swimming.
You are very stealthy in the water. (Stealth+)
You have a pair of horns on your head.


Message History

The orc priest is heavily wounded.
The orc priest hits you with a +0 club!
* * * LOW HITPOINT WARNING * * *
You completely miss the orc priest.
The orc priest is heavily wounded.
You hit the orc priest but do no damage.
The orc priest is heavily wounded.
The orc priest hits you but does no damage.
You hit the orc priest.
The orc priest is heavily wounded.
The orc priest closely misses you.
You hit the orc priest. Your headbutt misses the orc priest.
The orc priest is almost dead.
The orc priest hits you with a +0 club.
* * * LOW HITPOINT WARNING * * *
You closely miss the orc priest.
The orc priest is almost dead.
The orc priest calls down the wrath of Beogh upon you.
Beogh smites you!
You die...

#...#####
#.......#
#.#.###.#
#.#.# #)# #.#
#.#.# #.# #..
#.#.# #.# #.#
#.###.####.#
#.#..........#
#.....@.######
#######o#
#.)...#
#........
#..........
#.....#####
#.....#
#######


You could see an orc priest.

Vanquished Creatures
  An orc wizard (D:2)
  Jessica (D:3)
  A worker ant (D:3)
  Robin (D:3)
  6 adders
  An ooze (D:1)
  4 worms
  2 leopard geckos
  6 orcs (D:3)
  5 ball pythons
  5 giant cockroaches
  13 goblins
  10 hobgoblins
  10 jackals
  3 kobolds
  2 quokkas (D:3)
  11 bats
  A frilled lizard (D:2)
  12 rats
95 creatures vanquished.

Notes
Turn   | Place    | Note
-------+----------+-------------------------------------------
     0 | D:1      | ANON1729 the Merfolk Transmuter began the quest for the
                  | Orb.
     0 | D:1      | Reached XP level 1. HP: 15/15 MP: 3/3
   135 | D:1      | Reached XP level 2. HP: 9/21 MP: 5/5
   718 | D:1      | Reached XP level 3. HP: 26/26 MP: 6/6
  1818 | D:2      | Reached XP level 4. HP: 22/33 MP: 5/7
  2030 | D:2      | Found an iron altar of Okawaru.
  3173 | D:3      | Reached XP level 5. HP: 36/39 MP: 7/9
  3219 | D:3      | Noticed a phantom
  3523 | D:3      | Learned a level 2 spell: Wereblood
  3935 | D:3      | Noticed Jessica
  3947 | D:3      | Killed Jessica
  4229 | D:3      | Reached XP level 6. HP: 32/46 MP: 10/10
  4489 | D:3      | Noticed Robin
  4503 | D:3      | Killed Robin
  4674 | D:3      | Killed from afar by an orc priest

Illustrated notes

Levels and vault maps discovered:
D:1:      nicolae_arrival_washed_ashore, layout_rooms
D:2:      layout_loops_ring, overflow_temple_1_default
D:3:      layout_loops_ring, uniq_jessica, uniq_robin

Skill      XL: |  1  2  3  4  5 |
---------------+----------------+-----
Dodging        | 3 4 |  4.3
Transmutations | 3 4 |  4.4
Fighting       | 2 |  2.9
Unarmed Combat | 4 |  4.4
Spellcasting   | 3 |  3.1

Action                   |  1- 3 |  4- 6 || total
-------------------------+-------+-------++-------
Melee: Unarmed           |   167 |   257 ||   424
       Headbutt          |     6 |    14 ||    20
       Punch             |       |     4 ||     4
 Cast: Beastly Appendage |     4 |    11 ||    15
       Wereblood         |       |     2 ||     2
 Stab: Sleeping          |     1 |     1 ||     2
Armor: Robe              |    38 |    37 ||    75
Dodge: Dodged            |   150 |   186 ||   336

Table legend: (Time is in decaauts)
 A = Elapsed time spent in this place.
 B = Non-inter-level travel time spent in this place.
 C = Inter-level travel time spent in this place.
 D = Time resting spent in this place.
 E = Time spent auto-exploring this place.
 F = Levels seen in this place.
 G = Mean time per level.
                   A        B        C        D        E       F      G
               +--------+--------+--------+--------+--------+-----+--------+
         Total |   4647 |   4567 |     80 |    880 |   2918 |   3 | 1549.0 |
       Dungeon |   4647 |   4567 |     80 |    880 |   2918 |   3 | 1549.0 |
               +--------+--------+--------+--------+--------+-----+--------+

Top non-repeatable levels by time:
     D:2: 2119 daAuts
     D:1: 1552 daAuts
     D:3: 975 daAuts
